 Dungeon Crawl Stone Soup version 0.30-b1-2-g02819fbbbe (webtiles) character file.

Game seed: 4654423646856488018

1 sanka the Vexing (level 1, 0/13 HPs)
             Began as a Barachi Enchanter on May 19, 2023.
             Slain by a quokka (2 damage)
             ... on level 1 of the Dungeon.
             The game lasted 00:00:09 (37 turns).

sanka the Vexing (Barachi Enchanter)                  Turns: 37, Time: 00:00:09

Health: 0/13       AC:  2    Str:  9    XL:     1   Next: 20%
Magic:  3/3        EV: 12    Int: 15    God:
Gold:   0          SH:  0    Dex: 12    Spells: 4/4 levels left

rFire   . . .        a - +1 dagger
rCold   . . .        (no shield)
rNeg    . . .        b - +0 robe
rPois   .            (no helmet)
rElec   .            (no cloak)
rCorr   .            (no gloves)
SInv    .            (no boots)
Will    .....        (no amulet)
Stlth   ++           (no ring)
HPRegen 0.22/turn    (no ring)
MPRegen 0.08/turn

%: no passive effects
@: slow
A: amphibious, slowness 1, strong legs 1, +LOS
a: Hop


You were on level 1 of the Dungeon.
You visited 1 branch of the dungeon, and saw 1 of its levels.

Inventory:

Hand Weapons
 a - a +1 dagger (weapon)
Armour
 b - a +0 robe (worn)
Potions
 c - 2 potions of invisibility
 d - 2 potions of heal wounds {unknown}


   Skills:
 + Level 0.2 Fighting
 - Level 1.1 Short Blades
 + Level 2.2 Dodging
 - Level 2.6 Stealth
 - Level 2.1 Spellcasting
 - Level 3.2 Hexes


You had 4 spell levels left.
You didn't know any spells.
Your spell library contained the following spells:

 Spells                   Type           Power      Damage    Failure   Level
 Ensorcelled Hibernation  Hex/Ice        12%        N/A       17%         2
 Confusing Touch          Hex            11%        N/A       17%         3
 Tukima's Dance           Hex            11%        N/A       17%         3
 Dazzling Flash           Conj/Hex       12%        N/A       32%         3


Dungeon Overview and Level Annotations

Branches:
Dungeon (1/15)

Altars:


Innate Abilities, Weirdness & Mutations

You are amphibious.
You cover ground slowly.
You can hop short distances.
You have an extended range of vision and can be seen from far away.


Message History

The hobgoblin barely misses you.
You hit the hobgoblin.
You kill the hobgoblin!
No target in view!
No target in view!
HP restored.
A kobold comes into view. It is wielding a +0 short sword.
Found a ring mail.
You see here a fizzy purple potion.
A kobold is nearby!
A kobold is nearby!
A ball python comes into view.
The ball python hisses angrily.
The kobold shouts!
You hear an angry hiss.
The kobold throws a stone.
The stone closely misses you.
The kobold throws a stone.
The stone hits you but does no damage.
A quokka comes into view.
Found 6 gold pieces.
The kobold hits you with a +0 short sword.
You closely miss the kobold. The ball python misses you.
The ball python grabs you. The ball python constricts you.
The kobold hits you with a +0 short sword.
You closely miss the ball python. The ball python bites you.
The ball python constricts you.
A frilled lizard comes into view.
The kobold barely misses you. The quokka misses you.
The ball python barely misses you. The ball python constricts you.
You are too injured to fight recklessly!
Unknown command.
You escape the ball python's grasp.
The kobold attacks as you move away! The kobold hits you but does no damage.
The ball python attacks as you move away!
The ball python closely misses you. The ball python completely misses you.
The quokka attacks as you move away! The quokka closely misses you.
The quokka twitches its whiskers.
The quokka attacks as you move away! The quokka bites you.
* * * LOW HITPOINT WARNING * * *
You are too injured to fight recklessly!
You are too injured to fight recklessly!
You barely miss the quokka. The quokka bites you.
You die...

...#
################.########..
###P#P#P#P#P#................
#.............###............
#<..PP........###!#########..
#.........(..........[....
###P#P#P#P#P#........##.##
###########..#..........
.....#@###.##.## #####..#r#
.# # ........S# #
..#.#..........l.
..#.....#...... #...#.# $....
....# .# ...# #.... .# ...
##... ## ##


You could see a quokka and a ball python.

Vanquished Creatures
  A hobgoblin (D:1)
1 creature vanquished.

Notes
Turn   | Place    | Note
-------+----------+-------------------------------------------
     0 | D:1      | sanka the Barachi Enchanter began the quest for the Orb.
     0 | D:1      | Reached XP level 1. HP: 13/13 MP: 3/3
    37 | D:1      | Slain by a quokka

Illustrated notes

Levels and vault maps discovered:
D:1:      minmay_arrival_plants_in_alcoves, layout_basic,
          shapermc_ecumenical_altar_ellora

Action                     || total
---------------------------++-------
  Melee: Dagger            ||     5
 Armour: Robe              ||     2
  Dodge: Dodged            ||     9
